 Dungeon Crawl Stone Soup version 0.19.1 (webtiles) character file.

994 shmeve the Blocker (level 7, -2/91 HPs)
             Began as a Minotaur Berserker on Nov 28, 2016.
             Was an Elder of Trog.
             Slain by an orc priest
             ... wielding a +2 trident of freezing
              (3 damage)
             ... on level 5 of the Dungeon.
             The game lasted 00:05:59 (3075 turns).

shmeve the Blocker (Minotaur Berserker)             Turns: 3075, Time: 00:06:00

Health: -2/91      AC:  9    Str: 28    XL:     7   Next: 99%
Magic:  6/6        EV:  8    Int:  4    God:    Trog [****..]
Gold:   130        SH: 12    Dex: 10    Spells: 0 memorised, 6 levels left

rFire  . . .     SeeInvis .     a - +0 hand axe
rCold  . . .     Gourm    .     h - +0 chain mail
rNeg   . . .     Faith    +     s - +0 shield
rPois  .         Spirit   .     (helmet restricted)
rElec  .         Reflect  .     (no cloak)
rCorr  .         Harm     .     (no gloves)
MR     .....                    (no boots)
Stlth  ..........               e - amulet of faith
                                (no ring)
                                (no ring)

@: berserking, very quick
A: retaliatory headbutt, horns 2
a: Berserk, Trog's Hand, Brothers in Arms, Burn Spellbooks, Renounce Religion


You were on level 5 of the Dungeon.
You worshipped Trog.
Trog was greatly pleased with you.
You were near starving.

You visited 1 branch of the dungeon, and saw 5 of its levels.

You collected 130 gold pieces.

Inventory:

Hand Weapons
 a - a +0 hand axe (weapon)
Armour
 h - a +0 chain mail (worn)
 s - a +0 shield (worn)
Jewellery
 e - an amulet of faith (around neck)
Wands
 o - a wand of paralysis (9/24)
Scrolls
 d - 2 scrolls of identify {unknown}
 j - 3 scrolls of teleportation {unknown}
 k - 2 scrolls of enchant armour {unknown}
 n - a scroll of magic mapping {unknown}
Potions
 b - a potion of agility {unknown}
 l - a potion of haste {unknown}
 m - a potion of lignification {unknown}
 p - a potion of flight {unknown}
 q - a potion of might {unknown}
 t - 2 potions of cancellation {unknown}
Comestibles
 c - 3 bread rations
 f - 3 fruits
 i - 4 meat rations
 r - 2 beef jerkies


   Skills:
 * Level 5.2 Fighting
 * Level 5.1 Axes
 + Level 1.9 Throwing
 + Level 3.2 Armour
 + Level 3.1 Dodging
 * Level 8.5 Shields


You had 6 spell levels left.
You didn't know any spells.

Dungeon Overview and Level Annotations

Branches:
Dungeon (5/15)             Temple (0/1) D:4

Altars:
Elyvilon
Makhleb
Nemelex Xobeh
Okawaru
Ru
Trog


Innate Abilities, Weirdness & Mutations

You reflexively headbutt those who attack you in melee.
You have a pair of horns on your head.


Message History

You hit the orc priest but do no damage.
You block the orc priest's attack. Something hits you but does no damage.
The orc priest hits you but does no damage.
A red film seems to cover your vision as you go berserk!
You feel yourself moving faster!
You feel mighty!
You are near starving!
Something hits you but does no damage. You block the orc priest's attack.
An ogre comes into view. It is wielding a giant club.
You slash something! Trog accepts your kill.
Trog appreciates your killing of a magic user.
Reactivating autopickup.
You feel a bit more experienced.
You barely miss the orc priest.
The orc priest invokes the aid of Beogh against you.
Beogh smites you!
* * * LOW HITPOINT WARNING * * *
The orc priest hits you from afar with a trident of freezing!
* * * LOW HITPOINT WARNING * * *
The orc priest freezes you.
You die...

#.# #.# #.# ...
#.#
....####o#######
....O..))o......
....# #@#
#...##.# ....#.#
#..#)# #..#.# ##
#....#######
(.##...........
8..#..#.#....##
......#.#....#


You could see an ogre and 2 orc priests.

Vanquished Creatures
  Pikel (D:4)
  A phantom (D:4)
  3 slaves (D:4)
  A howler monkey (D:4)
  A jelly (D:5)
  A hound (D:3)
  A bullfrog skeleton (D:4)
  An orc priest (D:4)
  4 orc wizards
  A worker ant (D:4)
  4 adders
  An adder skeleton (D:4)
  3 worms
  2 dart slugs
  A leopard gecko (D:3)
  13 orcs
  2 giant cockroaches
  8 goblins
  6 hobgoblins
  8 jackals (D:4)
  4 quokkas
  A ball python (D:1)
  10 bats
  4 frilled lizards
  3 kobolds (D:2)
  A quokka skeleton (D:4)
  6 rats
92 creatures vanquished.

Notes
Turn   | Place    | Note
-------+----------+-------------------------------------------
     0 | D:1      | shmeve the Minotaur Berserker began the quest for the Orb.
     0 | D:1      | Reached XP level 1. HP: 19/19 MP: 0/0
   218 | D:1      | Reached XP level 2. HP: 23/27 MP: 1/1
   621 | D:2      | Found a white marble altar of Elyvilon.
   621 | D:2      | Found a bloodstained altar of Trog.
   629 | D:2      | Found a sacrificial altar of Ru.
   702 | D:2      | Reached ** piety under Trog
   973 | D:2      | Reached XP level 3. HP: 20/33 MP: 2/2
  1475 | D:3      | Reached skill level 1 in Throwing
  1505 | D:3      | Reached XP level 4. HP: 36/41 MP: 3/3
  1700 | D:3      | Found an iron altar of Okawaru.
  1847 | D:3      | Reached *** piety under Trog
  1859 | D:3      | Reached skill level 2 in Shields
  2046 | D:4      | Reached XP level 5. HP: 47/47 MP: 4/4
  2156 | D:4      | Reached skill level 3 in Shields
  2178 | D:4      | Reached skill level 4 in Shields
  2231 | D:4      | Noticed a slave
  2233 | D:4      | Noticed a slave
  2233 | D:4      | Noticed a slave
  2234 | D:4      | Noticed Pikel
  2234 | D:4      | Noticed a slave
  2242 | D:4      | Killed Pikel
  2242 | D:4      | Reached skill level 8 in Shields
  2242 | D:4      | Reached XP level 6. HP: 53/53 MP: 5/5
  2242 | D:4      | Reached XP level 7. HP: 60/60 MP: 6/6
  2422 | D:4      | Found a staircase to the Ecumenical Temple.
  2640 | D:4      | Reached skill level 5 in Fighting
  2845 | D:4      | Reached **** piety under Trog
  2900 | D:5      | Entered Level 5 of the Dungeon
  2905 | D:5      | Found a sparkling altar of Nemelex Xobeh.
  2947 | D:5      | Reached skill level 5 in Axes
  2955 | D:5      | Found a burning altar of Makhleb.
  3075 | D:5      | HP: 1/91 [orc priest/trident of freezing (7)]
  3075 | D:5      | Slain by an orc priest

Skill      XL: |  1  2  3  4  5  6  7 |
---------------+----------------------+-----
Fighting       | 4 5 |  5.2
Axes           | 4 5 |  5.1
Throwing       | 1 |  1.9
Shields        | 2 8 |  8.5
Armour         | 3 |  3.2
Dodging        | 3 |  3.1

Action                   |  1- 3 |  4- 6 |  7- 9 || total
-------------------------+-------+-------+-------++-------
Melee: Hand axe          |    85 |    68 |   122 ||   275
       Headbutt          |    11 |    17 |    26 ||    54
Invok: Burn Spellbooks   |     1 |       |       ||     1
       Berserk           |       |     1 |     1 ||     2
  Eat: Chunk             |     2 |     2 |     3 ||     7
Armor: Chain mail        |    43 |    49 |    59 ||   151
       Animal skin       |     2 |       |       ||     2
Dodge: Dodged            |    63 |    29 |    35 ||   127
Block: Shield            |       |       |    69 ||    69
